 Dungeon Crawl Stone Soup version 0.18.1-8-gdd0e5ea (webtiles) character file.

5 juanjsm the Sneak (level 1, -2/9 HPs)
             Began as a Spriggan Enchanter on June 1, 2016.
             Slain by a quokka (5 damage)
             ... on level 2 of the Dungeon.
             The game lasted 00:01:30 (235 turns).

juanjsm the Sneak (Spriggan Enchanter)               Turns: 235, Time: 00:01:30

Health: -2/9       AC:  3    Str:  4    XL:     1   Next: 66%
Magic:  4/5        EV: 18    Int: 16    God:
Gold:   26         SH:  0    Dex: 16    Spells: 1 memorised, 4 levels left

rFire  . . .     SeeInvis +     a - +1 dagger
rCold  . . .     Gourm    .     b - +1 robe
rNeg   . . .     Faith    .     (shield restricted)
rPois  .         Spirit   .     (helmet restricted)
rElec  .         Dismiss  .     (no cloak)
rCorr  .         Reflect  .     (gloves unavailable)
SustAt .         Harm     .     (boots unavailable)
MR     .....                    (no amulet)
Stlth  +++.......               (no ring)
                                (no ring)

@: very quick, not resistant to hostile enchantments, fairly stealthy
A: unfitting armour, see invisible, herbivore 3, speed 3, slow metabolism 2
a: no special abilities


You were on level 2 of the Dungeon.
You were not hungry.

You visited 1 branch of the dungeon, and saw 2 of its levels.

You collected 26 gold pieces.

Inventory:

Hand Weapons
 a - a +1 dagger (weapon)
 h - a +0 hunting sling of flaming
Armour
 b - a +1 robe (worn)
Scrolls
 e - a scroll of identify
Potions
 f - a potion of mutation {unknown}
 i - 2 potions of curing
Books
 c - a book of Maledictions

   Spells                             Type                      Level
   a - Corona                         Hexes                        1
   b - Ensorcelled Hibernation        Hexes/Ice                    2
   c - Confuse                        Hexes                        3
   d - Tukima's Dance                 Hexes                        3
   e - Dazzling Spray                 Conjuration/Hexes            3
Comestibles
 d - 3 bread rations


   Skills:
 + Level 1.1 Short Blades
 + Level 3.1 Dodging
 + Level 4.4 Stealth
 + Level 2.6 Spellcasting
 + Level 4.1 Hexes


You had 4 spell levels left.
You knew the following spells:

 Your Spells              Type           Power        Failure   Level  Hunger
a - Corona                Hex            ###....      4%          1    #......


Dungeon Overview and Level Annotations

Branches:
Dungeon (2/15)

Altars:
Gozag


Innate Abilities, Weirdness & Mutations

You are tiny and cannot use many weapons and most armour.
You have supernaturally acute eyesight.
You are a herbivore.
You cover ground extremely quickly.
You need consume almost no food.


Message History

Press: ? - help, Shift-Dir - straight line, f - jackal
Aim: a jackal (chance to defeat MR: 84%)
The jackal is outlined in light.
The jackal barely misses you. The quokka closely misses you.
The jackal bites you. The jackal barely misses you.
The quokka barely misses you.
You completely miss the jackal. The jackal closely misses you.
The jackal bites you. The quokka barely misses you.
You hit the jackal but do no damage. The jackal misses you.
The jackal barely misses you. The quokka closely misses you.
The jackal misses you. The jackal closely misses you.
You hit the quokka but do no damage. The quokka bites you.
The jackal completely misses you. The jackal barely misses you.
You closely miss the quokka. The quokka misses you.
The jackal barely misses you. The jackal completely misses you.
You barely miss the quokka. The jackal completely misses you.
The jackal misses you. The quokka barely misses you.
You hit the quokka but do no damage. The jackal barely misses you.
The jackal completely misses you. The quokka bites you.
Ouch! That really hurt!
You die...

K..h.r...........#
..r....#.........#
>................#
#.....##_........#
.)...............#
......<.....>...r#
.......######..KS#
......## #.hrh#
.#...## #.hh@#
..####***** ######
..#..,,,,,*
......,,,,*
.##...,,,,*
.##....,,,*
.......,,,*
.##....,,,*
.#*,.,,,,,*


You could see an adder, a quokka, 4 jackals, a kobold and a rat.

Vanquished Creatures
  A goblin (D:2)
  2 kobolds
  3 rats (D:1)
6 creatures vanquished.

Notes
Turn   | Place    | Note
--------------------------------------------------------------
     0 | D:1      | juanjsm the Spriggan Enchanter began the quest for the Orb.
     0 | D:1      | Reached XP level 1. HP: 9/9 MP: 5/5
   149 | D:2      | Found an opulent altar of Gozag.
   235 | D:2      | Slain by a quokka

Skill      XL: |  1 |
---------------+----+-----
Hexes          | 4 |  4.1
Short Blades   | |  1.1
Dodging        | |  3.1
Stealth        | |  4.4
Spellcasting   | |  2.6

Action                   || total
-------------------------++-------
Melee: Dagger            ||    14
 Cast: Corona            ||     2
  Use: Scroll            ||     2
 Stab: Sleeping          ||     5
Armor: Robe              ||     4
Dodge: Dodged            ||    48
